 Dungeon Crawl Stone Soup version 0.26.1-11-gd32895ea62 (webtiles) character file.

Game seed: 306504082257700581

43194 Descartes the Prestidigitator (level 14, -1/77 HPs)
             Began as a Vine Stalker Berserker on July 3, 2021.
             Was a High Priest of Trog.
             Slain by a black mamba (3 damage)
             ... while petrified by a catoblepas
             ... on level 6 of the Lair of Beasts.
             The game lasted 01:00:26 (16495 turns).

Descartes the Prestidigitator (VSBe)               Turns: 16495, Time: 01:00:26

Health: -1/77      AC: 21    Str: 19    XL:     14   Next: 23%
Magic:  0/15       EV:  2    Int: 10    God:    Trog [*****.]
Gold:   807        SH:  0    Dex: 15    Spells: 13/13 levels left

rFire    + . .     SeeInvis .   a - +5 long sword "Jyxehy" {flame, rF+}
rCold    . . .     Faith    .   Y - +0 kite shield
rNeg     + + +     Spirit   +   C - +0 storm dragon scales
rPois    ∞         Reflect  .   S - +2 hat {Will+}
rElec    +         Harm     .   w - +0 cloak
rCorr    .         Rampage  .   M - +0 pair of gloves
Will     ++...                  A - +0 pair of boots
Stlth    ..........             X - amulet of the acrobat
HPRegen  1.02/turn              j - +4 ring of slaying
MPRegen  0.14/turn              y - +4 ring of protection

@: petrified
A: fangs 3, regeneration 2, weak 1, evolution 1, magic shield, antimagic bite,
no potion heal 3
a: Renounce Religion, Berserk, Trog's Hand, Brothers in Arms


You were on level 6 of the Lair of Beasts.
You worshipped Trog.
Trog was extremely pleased with you.
You visited 3 branches of the dungeon, and saw 19 of its levels.

You collected 1260 gold pieces.
You spent 453 gold pieces at shops.

Inventory:

Hand Weapons
 a - the +5 long sword "Jyxehy" (weapon) {flame, rF+}
   (You bought it in a shop on level 5 of the Dungeon)

   It has been specially enchanted to burn those struck by it, causing extra
   injury to most foes and up to half again as much damage against particularly
   susceptible opponents.
   Big, fiery blades are also staple armaments of hydra-hunters.
   It protects you from fire.
 b - a +1 antimagic scimitar
Missiles
 h - 6 atropa-tipped darts
 k - 3 boomerangs
 z - a silver boomerang (quivered)
 O - 21 poisoned darts
Armour
 w - a +0 cloak (worn)
 A - a +0 pair of boots (worn)
 C - +0 storm dragon scales (worn)
 K - a +1 chain mail of cold resistance
 M - a +0 pair of gloves (worn)
 S - a +2 hat of willpower (worn)
 Y - a +0 kite shield (worn)
 Z - a +0 chain mail of fire resistance
Jewellery
 j - a +4 ring of slaying (left hand)
 y - a +4 ring of protection (right hand)
 X - an amulet of the acrobat (around neck)
Wands
 u - a wand of flame (10)
 B - a wand of acid (6)
 D - a wand of digging (14)
 J - a wand of iceblast (9)
 N - a wand of random effects (43)
 R - a wand of disintegration (29)
 W - a wand of paralysis (20)
Scrolls
 e - 2 scrolls of blinking
 i - a scroll of enchant armour {unknown}
 m - 2 scrolls of random uselessness {unknown}
 n - 8 scrolls of teleportation
 o - a scroll of fear {unknown}
 t - 3 scrolls of magic mapping {unknown}
 v - 3 scrolls of acquirement {unknown}
 E - a scroll of noise {unknown}
 G - 5 scrolls of immolation {unknown}
 I - 5 scrolls of enchant weapon {unknown}
 L - 8 scrolls of remove curse
 P - a scroll of summoning {unknown}
 T - 4 scrolls of holy word {unknown}
 U - a scroll of fog {unknown}
Potions
 c - 5 potions of curing
 f - 3 potions of magic
 g - 3 potions of invisibility
 l - 2 potions of cancellation
 q - 5 potions of flight
 r - a potion of might
 s - 4 potions of mutation
 F - 3 potions of lignification
 H - 2 potions of resistance
 Q - 3 potions of attraction
Miscellaneous
 d - a phantom mirror
 p - a lightning rod (4/4)


   Skills:
 - Level 10.0 Fighting
 - Level 10.0 Long Blades
 - Level 5.0 Armour
 - Level 5.0 Dodging
 + Level 11.1 Shields
 + Level 12.1 Evocations


You had 13 spell levels left.
You didn't know any spells.
Your spell library was empty.

Dungeon Overview and Level Annotations

Branches:
Dungeon (12/15)            Temple (1/1) D:7            Lair (6/6) D:10
  Swamp (0/4) Lair:2       Spider (0/4) Lair:4
  Slime: Lair:5-6       Orc: D:9-12

Altars:
Ashenzari
Cheibriados
Dithmenos
Elyvilon
Fedhas
Gozag
Hepliaklqana
Kikubaaqudgha
Makhleb
Nemelex Xobeh
Okawaru
Qazlal
Ru
Sif Muna
Trog
Uskayaw
Vehumet
Wu Jian
Xom
Yredelemnul
Zin
The Shining One

Shops:
D:4 =[   D:5 (   D:9 [


Innate Abilities, Weirdness & Mutations

You have razor-sharp teeth.
You heal very quickly.
When hurt, damage is shared between your health and your magic reserves.
Your bite disrupts and absorbs the magic of your enemies.
Potions cannot restore your health.
You are weak. (Str -2)
You evolve.


Message History

The lindwurm bites you.
* * * LOW HITPOINT WARNING * * *
The lindwurm claws you but does no damage. x2
The catoblepas gores you.
The lindwurm bites you but does no damage.
The lindwurm barely misses you.
The lindwurm claws you but does no damage.
The catoblepas gores you but does no damage.
The lindwurm breathes flames at you. The blast of flame hits you! You resist.
* * * LOW HITPOINT WARNING * * *
The black mamba bites you!
* * * LOW HITPOINT WARNING * * *
The catoblepas gores you!!
* * * LOW HITPOINT WARNING * * *
The lindwurm bites you.
* * * LOW HITPOINT WARNING * * *
The lindwurm claws you but does no damage. x2
The black mamba bites you.
You die...

##.....##### #####
...##P..####### #####.P.#####
........##...P####.#P.....P#.#
......#........##.....§.....####
.......#.†....##.....#####.....#
.P..##........##.....#.........#
.##. #..#.....##P..#.#...#.#...#
# ##...########.......#...###
#P.#..##...@Y†.###.###.Y...
##.....#..S#k...P### .#.#..
#......#†..#.....# ......
#......#.###....## ...###
###...........#.# ...
###.P....§.#### #.P. ####...###
#####


You could see a catoblepas, a lindwurm (catching breath) and a black mamba.

Vanquished Creatures
  Gastronok (Lair:2)
  Erolcha (D:10)
  4 hydras
  A catoblepas (Lair:6)
  3 boulder beetles
  A two-headed ogre (D:11)
  2 bog bodies (Lair:2)
  Pikel (D:8)
  A lindwurm (Lair:6)
  An ugly thing (D:11)
  A manticore (Lair:6)
  8 elephants (Lair:5)
  2 black mambas
  Joseph (D:8)
  9 cane toads
  Maurice (D:8)
  A gargoyle (D:10)
  2 torpor snails
  3 rime drakes
  4 komodo dragons
  A troll (D:10)
  2 hornets
  3 jumping spiders (Lair:4)
  8 dream sheep (Lair:5)
  A polar bear (Lair:5)
  Sigmund (D:5)
  3 redbacks (Lair:4)
  A spriggan (D:11)
  5 wyverns
  Eustachio (D:6)
  56 yaks
  2 basilisks
  2 steam dragons
  9 water moccasins
  5 orc warriors
  3 phantoms
  2 sky beasts
  3 ice beasts
  4 black bears
  24 wolves
  4 ogres
  4 centaurs
  2 big kobolds
  3 lemures (D:7)
  23 bullfrogs
  A gnoll sergeant (D:10)
  A wyvern skeleton (D:9)
  8 scorpions
  18 killer bees
  7 electric eels
  3 howler monkeys
  2 bullfrog zombies
  Crazy Yiuf (D:2)
  5 orc priests
  A quasit (D:5)
  3 bullfrog skeletons (D:11)
  8 hounds
  4 jellies
  A centaur skeleton (D:4)
  11 orc wizards
  Ijyb (D:3)
  Terence (D:3)
  7 worker ants
  Natasha (thrice) (D:2)
  3 iguanas
  A killer bee zombie (D:10)
  A howler monkey zombie (D:7)
  A worker ant zombie (D:5)
  Robin (D:1)
  14 adders
  5 gnolls (D:10)
  3 white imps
  An ooze (D:2)
  An adder zombie (D:5)
  2 adder skeletons
  2 dart slugs
  6 leopard geckos
  38 orcs
  A bat skeleton (D:2)
  7 giant cockroaches
  15 hobgoblins
  6 jackals
  20 kobolds
  5 quokkas
  7 bats
  2 frilled lizards
  17 goblins
  8 rats
  A butterfly (Lair:5)
474 creatures vanquished.

Vanquished Creatures (collateral kills)
  A basilisk (D:11)
  An orc warrior (D:11)
  An orc wizard (D:11)
  An orc (D:11)
  A quokka (D:11)
5 creatures vanquished.

Vanquished Creatures (others)
  An orc (D:8)
  13 fungi
  16 plants
30 creatures vanquished.

Grand Total: 509 creatures vanquished

Notes
Turn   | Place    | Note
-------+----------+-------------------------------------------
     0 | D:1      | Descartes the Vine Stalker Berserker began the quest for
                  | the Orb.
     0 | D:1      | Reached XP level 1. HP: 11/11 MP: 2/2
   250 | D:1      | Reached XP level 2. HP: 10/16 MP: 1/3
   967 | D:1      | Reached XP level 3. HP: 20/20 MP: 4/4
  1252 | D:2      | Noticed Natasha
  1256 | D:2      | Killed Natasha
  1430 | D:2      | Gained mutation: Your natural rate of healing is unusually
                  | fast. [Vine Stalker growth]
  1430 | D:2      | Reached XP level 4. HP: 24/24 MP: 5/5
  1486 | D:2      | Reached ** piety under Trog
  1536 | D:2      | Noticed Natasha
  1543 | D:2      | Killed Natasha
  1544 | D:2      | Reached skill level 1 in Evocations
  1624 | D:2      | Found a runed translucent door.
  1625 | D:2      | Noticed Crazy Yiuf
  1634 | D:2      | Killed Crazy Yiuf
  1635 | D:2      | Reached XP level 5. HP: 9/28 MP: 3/6
  1870 | D:2      | Noticed Robin
  1929 | D:1      | Killed Robin
  2053 | D:2      | Noticed Natasha
  2061 | D:2      | Killed Natasha
  2444 | D:2      | HP: 1/28 [orc priest/divine providence (11)]
  2447 | D:2      | Reached XP level 6. HP: 3/33 MP: 0/7
  2616 | D:3      | Reached skill level 2 in Evocations
  2663 | D:3      | Reached *** piety under Trog
  2669 | D:3      | Noticed Ijyb
  2684 | D:3      | Killed Ijyb
  2870 | D:3      | Noticed Terence
  2910 | D:3      | Killed Terence
  3045 | D:4      | Found Qarokil's Jewellery Emporium.
  3077 | D:4      | Found Ciwiz's Armour Emporium.
  3104 | D:4      | Found a sparkling altar of Nemelex Xobeh.
  3199 | D:4      | Reached XP level 7. HP: 14/37 MP: 3/8
  3206 | D:4      | Found a basalt altar of Yredelemnul.
  3581 | D:4      | Reached skill level 1 in Shields
  3615 | D:4      | Reached skill level 3 in Evocations
  3654 | D:4      | Found a burning altar of Makhleb.
  4003 | D:5      | Entered Level 5 of the Dungeon
  4084 | D:5      | Gained mutation: You have razor-sharp teeth. [Vine Stalker
                  | growth]
  4084 | D:5      | Reached XP level 8. HP: 42/42 MP: 7/9
  4118 | D:5      | Noticed Sigmund
  4121 | D:5      | Killed Sigmund
  4121 | D:5      | Reached **** piety under Trog
  4319 | D:5      | Found a burning altar of Makhleb.
  4591 | D:5      | Found Baobaoko's Weapon Shop.
  5030 | D:6      | Reached skill level 5 in Fighting
  5087 | D:6      | Reached skill level 5 in Long Blades
  5126 | D:6      | Reached XP level 9. HP: 14/47 MP: 3/10
  5234 | D:6      | Reached skill level 4 in Evocations
  5293 | D:6      | Noticed Eustachio
  5309 | D:6      | Killed Eustachio
  5650 | D:7      | Found a stormy altar of Qazlal.
  5652 | D:7      | Found an ancient bone altar of Kikubaaqudgha.
  5652 | D:7      | Found a sacrificial altar of Ru.
  5654 | D:7      | Found a shimmering altar of Xom.
  5654 | D:7      | Found a sparkling altar of Nemelex Xobeh.
  5654 | D:7      | Found a shimmering altar of Xom.
  5839 | D:7      | Found a broken altar of Ashenzari.
  5900 | D:7      | Found a sacrificial altar of Ru.
  6093 | D:7      | Found a staircase to the Ecumenical Temple.
  6113 | Temple   | Entered the Ecumenical Temple
  6622 | D:8      | Found an ornate altar of the Wu Jian Council.
  6646 | D:8      | Found a radiant altar of Vehumet.
  6810 | D:8      | Noticed Joseph
  6813 | D:8      | Noticed Pikel
  6901 | D:8      | Found a bloodstained altar of Trog.
  6950 | D:8      | Killed Pikel
  6951 | D:8      | Reached skill level 5 in Armour
  6951 | D:8      | Reached skill level 5 in Dodging
  6951 | D:8      | Reached skill level 5 in Evocations
  6951 | D:8      | Reached XP level 10. HP: 33/53 MP: 9/11
  6972 | D:8      | Noticed Maurice
  6985 | D:8      | Killed Maurice
  7018 | D:8      | Found an opulent altar of Gozag.
  7045 | D:8      | Killed Joseph
  7287 | D:8      | Found an opulent altar of Gozag.
  7287 | D:8      | Found a hazy altar of Hepliaklqana.
  7512 | D:9      | Reached ***** piety under Trog
  8270 | D:9      | Received a gift from Trog
  8273 | D:9      | Found Loene's Antique Armour Shoppe.
  8351 | D:10     | Entered Level 10 of the Dungeon
  8412 | D:10     | Found a staircase to the Lair.
  8518 | D:10     | Noticed Erolcha
  8551 | D:10     | Killed Erolcha
  8552 | D:10     | Reached XP level 11. HP: 28/60 MP: 8/12
  8598 | D:10     | Reached skill level 6 in Evocations
  9893 | D:10     | Found a shimmering blue altar of Sif Muna.
 10296 | D:11     | Received a gift from Trog
 10470 | D:11     | Noticed a two-headed ogre
 10480 | D:11     | Killed a two-headed ogre
 10632 | D:11     | Reached skill level 7 in Evocations
 10964 | D:11     | Noticed a cyan ugly thing
 10971 | D:11     | Killed a cyan ugly thing
 10972 | D:11     | Reached skill level 5 in Shields
 11364 | D:5      | Bought the +5 long sword "Jyxehy" {flame, rF+} for 453 gold
                  | pieces
 11525 | Lair:1   | Entered Level 1 of the Lair of Beasts
 11707 | Lair:1   | Gained mutation: You heal very quickly. [Vine Stalker
                  | growth]
 11707 | Lair:1   | Reached XP level 12. HP: 52/67 MP: 11/13
 11860 | Lair:1   | Noticed a five-headed hydra
 11874 | Lair:1   | Killed a one-headed hydra
 12195 | Lair:1   | Gained mutation: You are weak. (Str -2) [potion of
                  | mutation]
 12195 | Lair:1   | Gained mutation: You evolve. [potion of mutation]
 12285 | Lair:2   | Received a gift from Trog
 12398 | Lair:2   | Reached skill level 10 in Fighting
 12398 | Lair:2   | Reached skill level 8 in Evocations
 12563 | Lair:2   | Noticed a four-headed hydra
 12571 | Lair:2   | Killed a one-headed hydra
 12572 | Lair:2   | Reached skill level 10 in Long Blades
 12590 | Lair:2   | Found a staircase to the Swamp.
 12741 | Lair:2   | Reached skill level 9 in Evocations
 12778 | Lair:2   | Noticed Gastronok
 12793 | Lair:2   | Killed Gastronok
 13317 | Lair:3   | Reached XP level 13. HP: 64/72 MP: 12/14
 14130 | Lair:4   | Reached skill level 10 in Evocations
 14237 | Lair:4   | Found a hole to the Spider Nest.
 15369 | Lair:5   | Reached skill level 11 in Evocations
 15501 | Lair:5   | Reached skill level 10 in Shields
 15957 | Lair:6   | Entered Level 6 of the Lair of Beasts
 16088 | Lair:5   | Reached XP level 14. HP: 77/77 MP: 15/15
 16387 | Lair:6   | Reached skill level 12 in Evocations
 16494 | Lair:6   | HP: 2/77 [catoblepas (10)]
 16495 | Lair:6   | Slain by a black mamba

Illustrated notes

Levels and vault maps discovered:
D:1:      sevenhm_arrival_forest_fort_small_3, layout_basic
D:2:      minmay_inner_zag, layout_basic, uniq_robin, uniq_crazy_yiuf_cottage,
          uniq_natasha
D:3:      layout_rooms, uniq_terence, uniq_ijyb
D:4:      layout_loops_corners, grunt_temple_overflow_open,
          lightli_temple_of_fire, serial_shops, shop, nicolae_shop_waterfront
D:5:      layout_basic, serial_shops, shop, bloody_makhleb, uniq_sigmund
D:6:      layout_rooms, uniq_eustachio
D:7:      layout_loops_ring, overflow_temple_1_default, kennysheep_little_box,
          doesnt_xom_only_xom, minmay_temple_entry_nine_rooms
D:8:      layout_rooms, lemuel_coloured_pillars_altar, fiery_altar_vehumet,
          gammafunk_temple_overflow_wave, nzn_wu_jian_council_hall,
          grunt_gozag_breadcrumbs, uniq_joseph, uniq_pikel, uniq_maurice
D:9:      layout_basic, serial_shops, shop, kennysheep_generic_room_4
D:10:     layout_loops_cross, erik_lair_island, minmay_misc_feat_four_crosses,
          led_sif_book, uniq_erolcha
D:11:     layout_loops_ring, the_bakery
D:12:     layout_basic, david_orc_4, zaba_antful_of_joy
Temple:   minmay_freezing_vapour_temple
Lair:1:   layout_regular_city
Lair:2:   layout_regular_city, skrybe_swamp_entry_bodies, uniq_gastronok
Lair:3:   layout_small_grid, serial_bayou_shore_a, serial_bayou_shore_b,
          grunt_megastairs_1, infiniplex_staircase_pool_2, serial_bayou_shore_b
Lair:4:   layout_gridlike, nicolae_spider_entry_tight_spaces
Lair:5:   layout_roguey, lemuel_fruit_fields, grunt_megastairs_3,
          lemuel_fruit_fields
Lair:6:   hangedman_lair_in_review, layout_gridlike, wormcave, slime_dummy,
          lemuel_fruit_tree, minmay_lair_oklob_chamber

Skill      XL: |  1  2  3  4  5  6  7  8  9 10 11 12 13 14 |
---------------+-------------------------------------------+-----
Fighting       | 3 4 5 6 8 9 10 | 10.0
Long Blades    | 3 4 5 8 9 10 | 10.0
Armour         | 2 3 4 5 |  5.0
Dodging        | 2 3 4 5 |  5.0
Evocations     | 1 2 3 5 7 9 11 12 | 12.1
Shields        | 1 2 4 5 8 10 11 | 11.1

Action                   |  1- 3 |  4- 6 |  7- 9 | 10-12 | 13-15 || total
-------------------------+-------+-------+-------+-------+-------++-------
Melee: Falchion          |    42 |   132 |   222 |       |       ||   396
       Bite              |    12 |    33 |   110 |   263 |   176 ||   594
       Long sword        |       |       |    27 |   650 |   373 ||  1050
       Scimitar          |       |       |       |     5 |       ||     5
Invok: Berserk           |     3 |     3 |     2 |     3 |       ||    11
       Trog's Hand       |       |     1 |       |     3 |     1 ||     5
       Brothers in Arms  |       |       |       |     1 |       ||     1
Evoke: Wand              |       |       |       |     7 |       ||     7
  Use: Scroll            |       |       |       |    14 |     3 ||    17
       Potion            |       |       |       |     1 |       ||     1
 Stab: Sleeping          |     1 |       |       |       |       ||     1
       Distracted        |       |       |       |       |     1 ||     1
Armor: Animal skin       |    12 |       |       |       |       ||    12
       Leather armour    |     2 |    31 |       |       |       ||    33
       Chain mail        |       |     3 |   159 |   292 |    31 ||   485
       Storm dragon scal |       |       |       |       |   183 ||   183
Dodge: Dodged            |    26 |    95 |   107 |   284 |   158 ||   670
Block: Buckler           |       |       |    42 |    91 |       ||   133
       Kite shield       |       |       |       |   149 |   251 ||   400
       Rpst.: Falchion   |     6 |    31 |    31 |       |       ||    68
       Long sword        |       |       |     8 |    78 |    51 ||   137
       Scimitar          |       |       |       |     1 |       ||     1
